 Dungeon Crawl Stone Soup version 0.22.1-2-g9c5b331 (webtiles) character file.

52 myga the Stinger (level 3, 0/33 HPs)
             Began as an Ogre Venom Mage on Nov 26, 2018.
             Slain by an adder (1 damage)
             ... on level 2 of the Dungeon.
             The game lasted 00:15:46 (1807 turns).

myga the Stinger (Ogre Venom Mage)                  Turns: 1807, Time: 00:15:46

Health: 0/33       AC:  3    Str: 12    XL:     3   Next: 85%
Magic:  7/7        EV: 10    Int: 16    God:
Gold:   98         SH:  0    Dex: 10    Spells: 1/7 levels left

rFire    . . .     SeeInvis .   s - +0 dagger
rCold    . . .     Gourm    .   (no shield)
rNeg     . . .     Faith    .   a - +0 robe
rPois    .         Spirit   .   (helmet restricted)
rElec    .         Reflect  .   (no cloak)
rCorr    .         Harm     .   (gloves unavailable)
MR       .....                  (boots unavailable)
Stlth    ++........             (no amulet)
HPRegen  0.11/turn              (no ring)
MPRegen  0.10/turn              (no ring)

@: lethally poisoned (0 -> -3)
A: large, unfitting armour, tough skin 1
a: no special abilities


You were on level 2 of the Dungeon.
You were not hungry.

You visited 1 branch of the dungeon, and saw 2 of its levels.

You collected 98 gold pieces.

Inventory:

Hand Weapons
 b - a +0 whip
 d - a +0 dagger
 e - a +0 short sword
 g - a cursed -3 club
 h - a +0 club
 l - a +0 short sword
 o - a +0 whip
 s - a +0 dagger (weapon)
Missiles
 f - 15 poisoned needles
 i - 13 arrows
 j - 2 needles of sleeping
 q - 46 stones (quivered)
Armour
 a - a +0 robe (worn)
Scrolls
 t - a scroll of remove curse
Comestibles
 c - 3 rations


   Skills:
 + Level 1.4 Fighting
 + Level 0.2 Short Blades
 + Level 2.0 Dodging
 + Level 1.5 Stealth
 + Level 2.9 Spellcasting
 + Level 1.2 Conjurations
 + Level 3.3 Poison Magic


You had one spell level left.
You knew the following spells:

 Your Spells              Type           Power        Failure   Level  Hunger
a - Sting                 Conj/Pois      #...         8%          1    #......
b - Poisonous Vapours     Pois/Air       #.....       14%         2    ##.....
c - Mephitic Cloud        Conj/Pois/Air  #.......     30%         3    ###....

Your spell library contained the following spells:

 Spells                   Type           Power        Failure   Level  Hunger
 Olgreb's Toxic Radiance  Pois           ##......     43%         4    #####..
 Venom Bolt               Conj/Pois      #.........   90%         5    ######.


Dungeon Overview and Level Annotations

Branches:
Dungeon (2/15)

Altars:
The Shining One


Innate Abilities, Weirdness & Mutations

You are too large for most types of armour.
You have tough skin. (AC +1)


Message History

The adder is almost dead.
The adder bites you.
* * * LOW HITPOINT WARNING * * *
The adder closely misses you.
As you read the scroll labeled GUHIASCHARYT, it crumbles to dust.
You feel blessed for a moment.
It was a scroll of remove curse.
The adder bites you.
* * * LOW HITPOINT WARNING * * *
You aren't carrying any potions.
You barely miss the adder.
The adder is almost dead.
The adder bites you.
* * * LOW HITPOINT WARNING * * *
You are more poisoned.
The adder poisons you!
You hit the adder but do no damage.
The adder is almost dead.
* * * LOW HITPOINT WARNING * * *
You feel sick. The adder barely misses you. The adder bites you.
You die...

*,****########.# *,* #.#
#****,*###########.###
.,,,,,*#.............#
#******#.#########.#.##
########.# #..#.## ##.......#
*#.###.## ...####### ##.##
##.#### #### #@## ##...#***** #
##S#####.##......, #*****
##b.##.##**#####, #*,,,**
####.#.######* *,
#,***,*********#..._........# *,
#,*,,,,,,,,,...b..#.#...###.# *,
#,*,*,******#.##..#.###.#**,****,
#*,,,********,*#.*##.,,...,,,,,,,
,,,,,,,,,,,>,,,#.,*,#**.###,****,


You could see an adder and a bat.

Vanquished Creatures
  An adder (D:2)
  A dart slug (D:1)
  2 leopard geckos (D:1)
  2 giant cockroaches (D:1)
  6 goblins (D:1)
  5 hobgoblins (D:1)
  6 bats
  A frilled lizard (D:1)
  4 kobolds (D:1)
  11 rats (D:1)
39 creatures vanquished.

Notes
Turn   | Place    | Note
-------+----------+-------------------------------------------
     0 | D:1      | myga the Ogre Venom Mage began the quest for the Orb.
     0 | D:1      | Reached XP level 1. HP: 16/16 MP: 3/3
   177 | D:1      | Reached skill level 3 in Poison Magic
   177 | D:1      | Reached XP level 2. HP: 22/24 MP: 1/5
   181 | D:1      | Learned a level 2 spell: Poisonous Vapours
   793 | D:1      | Reached skill level 1 in Conjurations
   865 | D:1      | Reached XP level 3. HP: 28/32 MP: 0/7
   901 | D:1      | Learned a level 3 spell: Mephitic Cloud
  1411 | D:2      | HP: 1/32 [poisoned by an adder]
  1414 | D:2      | Reached skill level 1 in Fighting
  1419 | D:2      | HP: 1/49 [poisoned by an adder]
  1769 | D:2      | Found a glowing golden altar of the Shining One.
  1807 | D:2      | HP: 1/33 [poisoned by an adder]
  1807 | D:2      | Slain by an adder

Skill      XL: |  1  2  3 |
---------------+----------+-----
Poison Magic   | 3 |  3.3
Conjurations   | 1 |  1.2
Dodging        | 2 |  2.0
Fighting       | 1 |  1.4
Short Blades   | |  0.2
Stealth        | |  1.5
Spellcasting   | |  2.9

Action                   || total
-------------------------++-------
Melee: Dagger            ||    80
Throw: Stone             ||    11
 Cast: Sting             ||    67
  Use: Scroll            ||     5
       Potion            ||     4
  Eat: Chunk             ||     3
Armor: Robe              ||    20
       Skin              ||     3
Dodge: Dodged            ||    60
